 Dungeon Crawl Stone Soup version 0.17-a0-1399-gd5b76e1 (webtiles) character file.

557 urechis the Spear-Bearer (level 7, -11/50 HPs)
             Began as a Merfolk Gladiator on June 19, 2015.
             Mangled by an ogre
             ... wielding a cursed +0 giant club
              (20 damage)
             ... on level 4 of the Dungeon.
             The game lasted 00:08:10 (3197 turns).

urechis the Spear-Bearer (Merfolk Gladiator)        Turns: 3197, Time: 00:08:10

Health: -11/50     AC:  5    Str: 15    XL:     7   Next: 30%
Magic:  7/7        EV: 14    Int:  7    God:
Gold:   154        SH:  0    Dex: 17    Spells: 0 memorised, 6 levels left

rFire  . . .     SeeInvis .     a - +0 trident
rCold  . . .     Clarity  .     r - +0 leather armour {MR+}
rNeg   . . .     SustAt   .     (no shield)
rPois  .         Gourm    .     c - +0 helmet
rElec  .         Spirit   .     (no cloak)
rCorr  .         Warding  .     l - +0 pair of gloves
rMut   .         Stasis   .     (no boots)
MR     +....                    (no amulet)
Stlth  +.........               (no ring)
                                (no ring)

@: lethally poisoned (-11 -> -20), somewhat resistant to hostile enchantments,
very unstealthy
A: change form in water, swift swim
a: no special abilities


You were on level 4 of the Dungeon.
You were near starving.

You visited 1 branch of the dungeon, and saw 4 of its levels.

You collected 154 gold pieces.

Inventory:

Hand weapons
 a - a +0 trident (weapon)
Missiles
 e - 3 throwing nets (quivered)
Armour
 c - a +0 helmet (worn)
 l - a +0 pair of gloves (worn)
 r - a +0 leather armour of magic resistance (worn)
Scrolls
 b - a scroll of fog {unknown}
 g - a scroll of identify {unknown}
 i - a scroll of noise {unknown}
 n - 4 scrolls of teleportation
 q - 2 scrolls of enchant armour {unknown}
 t - a scroll of remove curse {unknown}
 v - a scroll of immolation {unknown}
 w - a scroll of random uselessness {unknown}
 y - a scroll of amnesia {unknown}
Potions
 h - a potion of brilliance {unknown}
 j - a potion of magic {unknown}
 k - 2 potions of agility
 m - a potion of haste {unknown}
 o - a potion of heal wounds {unknown}
 s - a potion of poison {unknown}
 x - a potion of curing
 A - a potion of lignification {unknown}
Comestibles
 d - 5 bread rations
 f - a meat ration
 p - 3 beef jerkies
 u - a slice of pizza


   Skills:
 - Level 2.1 Fighting
 + Level 11.4 Polearms
 - Level 2.0 Throwing
 - Level 4.0 Dodging


You had 6 spell levels left.
You didn't know any spells.

Dungeon Overview and Level Annotations

Branches:
Dungeon (4/15)
 Temple: D:4-7

Altars:
Dithmenos
Elyvilon
Sif Muna
Trog

Annotations:
D:2 exclusion: moth of wrath


Message History

You are too injured to fight recklessly!
You are too injured to fight recklessly!
You are too injured to fight recklessly!
You are too injured to fight recklessly!
You are too injured to fight recklessly!
You are too injured to fight recklessly!
You are too injured to fight recklessly!
You barely miss the worker ant.
The worker ant is severely wounded.
You feel sick. The worker ant bites you.
* * * LOW HITPOINT WARNING * * *
You hit the worker ant but do no damage.
The worker ant is severely wounded.
* * * LOW HITPOINT WARNING * * *
You feel sick. The worker ant misses you.
You hit the worker ant.
You kill the worker ant!
* * * LOW HITPOINT WARNING * * *
You feel sick. The ogre hits you with a giant club!!
You die...

#. . #. .. #.# ... #.# .... #.#
..... ##.####...... ###
#....@O...... ..# #...###......
#.# #....##.##.## #.#
#....##.##.# #.#
#.##.##.##.####### #.#
######................# #.#
#######....).##....##.#..##.# #[#
#.....#.##......##.##.#..##.###.#
..###.#.##.#.##.##....).........#


You could see an ogre.

Vanquished Creatures
  A scorpion (D:4)
  A crimson imp (D:4)
  A hound (D:4)
  An orc priest (D:3)
  Jessica (D:3)
  4 worker ants (D:4)
  3 orc wizards
  4 gnolls (D:4)
  6 adders
  2 oozes (D:3)
  4 worms
  3 giant geckos
  11 orcs
  11 bats
  2 giant cockroaches (D:2)
  10 goblins
  7 hobgoblins
  A quokka (D:4)
  4 giant newts
  18 jackals
  A jackal skeleton (D:4)
  7 kobolds
  15 rats
118 creatures vanquished.

Notes
Turn   | Place    | Note
--------------------------------------------------------------
     0 | D:1      | urechis the Merfolk Gladiator began the quest for the Orb.
     0 | D:1      | Reached XP level 1. HP: 16/16 MP: 1/1
    57 | D:1      | Reached skill level 5 in Polearms
   109 | D:1      | Reached XP level 2. HP: 17/22 MP: 2/2
   633 | D:2      | Noticed a moth of wrath
   636 | D:2      | Found a bloodstained altar of Trog.
   653 | D:2      | Reached skill level 6 in Polearms
   653 | D:2      | Reached XP level 3. HP: 25/27 MP: 3/3
  1052 | D:2      | Reached skill level 7 in Polearms
  1052 | D:2      | Reached XP level 4. HP: 18/33 MP: 4/4
  1064 | D:2      | Found a shadowy altar of Dithmenos.
  1873 | D:3      | Reached skill level 8 in Polearms
  1873 | D:3      | Reached XP level 5. HP: 5/38 MP: 5/5
  2109 | D:3      | Found a deep blue altar of Sif Muna.
  2393 | D:3      | Reached skill level 9 in Polearms
  2436 | D:3      | Noticed Jessica
  2446 | D:3      | Killed Jessica
  2446 | D:3      | Reached XP level 6. HP: 28/44 MP: 6/6
  2605 | D:4      | Reached skill level 10 in Polearms
  2854 | D:4      | Reached XP level 7. HP: 27/50 MP: 7/7
  2932 | D:4      | Reached skill level 11 in Polearms
  2960 | D:4      | Found a white marble altar of Elyvilon.
  3197 | D:4      | Mangled by an ogre

Vault maps used:
D:1:      elethiomel_arrival_quiet
D:2:      nicolae_dithmenos_through_a_glass_darkly, tgw_trog
D:3:      tgw_sif, first_bread, uniq_jessica
D:4:      elyvilon_altar_1

Action                   |  1- 3 |  4- 6 |  7- 9 || total
-------------------------+-------+-------+-------++-------
Melee: Trident           |   117 |   276 |    79 ||   472
  Use: Scroll            |       |     1 |       ||     1
       Potion            |       |     2 |       ||     2
 Stab: Sleeping          |     4 |     2 |     1 ||     7
       Distracted        |     1 |       |       ||     1
  Eat: Chunk             |       |     6 |       ||     6
